 Dungeon Crawl Stone Soup version 0.19.1-1-g22dce08 (webtiles) character file.

284 12san the Sneak (level 6, -4/42 HPs)
             Began as an Octopode Assassin on Jan 9, 2017.
             Slain by an orc
             ... wielding a +0 morningstar
              (6 damage)
             ... on level 4 of the Dungeon.
             The game lasted 00:26:10 (2803 turns).

12san the Sneak (Octopode Assassin)                 Turns: 2803, Time: 00:26:11

Health: -4/42      AC:  3    Str: 10    XL:     6   Next: 29%
Magic:  6/6        EV: 11    Int: 13    God:
Gold:   245        SH:  0    Dex: 20    Spells: 0 memorised, 5 levels left

rFire  . . .     SeeInvis +     a - +4 dagger
rCold  . . .     Gourm    .     w - +0 shield
rNeg   + . .     Faith    .     k - +2 hat
rPois  +         Spirit   .     (no amulet)
rElec  .         Reflect  .     h - ring of poison resistance
rCorr  .         Harm     .     j - ring of positive energy
MR     .....                    y - +4 ring of dexterity
Stlth  +++.......               z - ring of see invisible
                                (no ring)
                                (no ring)
                                (no ring)
                                (no ring)

@: confused
A: almost no armour, stealthy swim, amphibious, 8 rings, constrict 8, camouflage
1, gelatinous body 1
a: no special abilities


You were on level 4 of the Dungeon.
You were not hungry.

You visited 1 branch of the dungeon, and saw 4 of its levels.

You collected 245 gold pieces.

Inventory:

Hand Weapons
 a - a +4 dagger (weapon)
 b - a +0 blowgun
 m - a +0 hunting sling
 u - a +0 quarterstaff of protection
Missiles
 c - 35 poisoned needles
 d - 2 curare-tipped needles
 n - 39 stones (quivered)
 A - 19 arrows
Armour
 k - a +2 hat (worn)
 w - a +0 shield (worn)
Jewellery
 h - a ring of poison resistance (left tentacle)
 j - a ring of positive energy (right tentacle)
 y - a +4 ring of dexterity (on tentacle)
 z - a ring of see invisible (on tentacle)
Scrolls
 g - a scroll of remove curse
 i - a scroll of random uselessness {unknown}
 l - a scroll of teleportation
 o - a scroll of enchant armour {unknown}
 q - a scroll of immolation {unknown}
 r - 2 scrolls of identify
 s - a scroll of magic mapping {unknown}
 t - a scroll of fear {unknown}
 B - a scroll of enchant weapon
 C - a scroll of blinking {unknown}
Potions
 v - a potion of resistance {unknown}
Books
 x - a book of Changes

   Spells                             Type                      Level
   a - Beastly Appendage              Transmutation                1
   b - Sticks to Snakes               Transmutation                2
   c - Spider Form                    Transmutation/Poison         3
   d - Ice Form                       Ice/Transmutation            4
   e - Blade Hands                    Transmutation                5
Comestibles
 f - 4 bread rations


   Skills:
 + Level 3.1 Fighting
 + Level 3.2 Short Blades
 - Level 2.1 Throwing
 + Level 2.6 Dodging
 * Level 7.9 Stealth


You had 5 spell levels left.
You didn't know any spells.

Dungeon Overview and Level Annotations

Branches:
Dungeon (4/15)             Temple (0/1) D:4

Altars:
Elyvilon
Fedhas
Makhleb
The Shining One


Innate Abilities, Weirdness & Mutations

You cannot wear most types of armour.
You are very stealthy in the water. (Stealth+)
You are amphibious.
You can wear up to eight rings at the same time.
You can use your tentacles to constrict eight enemies at once.
Your skin changes colour to match your surroundings (Stealth+).
Your rubbery body absorbs attacks. (AC +1, EV +1)


Message History

The orc wizard is moderately wounded.
The orc completely misses you.
The orc wizard hits you but does no damage.
The orc wizard barely misses you.
You bump into the rock wall.
The orc hits you with a morningstar! The orc wizard hits you with a dagger.
* * * LOW HITPOINT WARNING * * *
The orc wizard hits you but does no damage.
You closely miss the orc wizard.
The orc wizard is moderately wounded.
The orc hits you with a morningstar.
* * * LOW HITPOINT WARNING * * *
The orc wizard hits you with a dagger.
* * * LOW HITPOINT WARNING * * *
The orc wizard hits you with a dagger.
* * * LOW HITPOINT WARNING * * *
You're too confused!
It was a potion of magic.
Magic courses through your body. The orc hits you with a morningstar.
You die...

.##...#
##........+ ..#
...###.........#
..#
...#..........#
###
...#...##..#....#
.##.... ....
#..#####...
....... . #.)[#
.. ....... #..(#
. ....... #.oo#
....... #.o@#
####### #####


You could see 2 orc wizards and an orc.

Vanquished Creatures
  A scorpion (D:4)
  A centaur skeleton (D:4)
  An orc priest (D:4)
  A worker ant (D:3)
  A howler monkey skeleton (D:4)
  6 adders
  2 dart slugs
  2 worms (D:2)
  5 leopard geckos
  2 orcs
  6 giant cockroaches
  7 goblins
  9 hobgoblins
  9 jackals
  4 kobolds
  3 quokkas
  A ball python (D:2)
  3 bats
  3 frilled lizards
  A leopard gecko skeleton (D:4)
  5 rats
73 creatures vanquished.

Notes
Turn   | Place    | Note
-------+----------+-------------------------------------------
     0 | D:1      | 12san the Octopode Assassin began the quest for the Orb.
     0 | D:1      | Reached XP level 1. HP: 14/14 MP: 1/1
   119 | D:1      | Reached XP level 2. HP: 10/19 MP: 2/2
   339 | D:1      | Reached skill level 6 in Stealth
   620 | D:1      | Reached XP level 3. HP: 24/24 MP: 3/3
   808 | D:2      | Found a white marble altar of Elyvilon.
   971 | D:2      | Found a burning altar of Makhleb.
  1043 | D:2      | Found a burning altar of Makhleb.
  1392 | D:2      | Reached XP level 4. HP: 29/29 MP: 4/4
  1570 | D:3      | Reached skill level 7 in Stealth
  2022 | D:3      | Reached XP level 5. HP: 28/35 MP: 5/5
  2056 | D:3      | Found a blossoming altar of Fedhas.
  2383 | D:4      | Found a staircase to the Ecumenical Temple.
  2610 | D:4      | Reached XP level 6. HP: 42/42 MP: 6/6
  2621 | D:4      | Found a glowing golden altar of the Shining One.
  2802 | D:4      | HP: 2/42 [orc wizard/dagger (1)]
  2803 | D:4      | Slain by an orc

Skill      XL: |  1  2  3  4  5 |
---------------+----------------+-----
Stealth        | 6 7 |  7.9
Dodging        | 2 |  2.6
Short Blades   | 3 |  3.2
Fighting       | 3 |  3.1
Throwing       | |  2.1

Action                   |  1- 3 |  4- 6 || total
-------------------------+-------+-------++-------
Melee: Dagger            |    54 |    79 ||   133
       Constrict         |    15 |    21 ||    36
       Tentacles         |    11 |    11 ||    22
Throw: Stone             |       |     2 ||     2
  Use: Scroll            |     5 |     3 ||     8
       Potion            |       |     2 ||     2
 Stab: Sleeping          |    13 |    12 ||    25
       Distracted        |     1 |       ||     1
  Eat: Bread ration      |     1 |     1 ||     2
Armor: Skin              |     1 |    11 ||    12
Dodge: Dodged            |    17 |    42 ||    59
Block: Shield            |       |    16 ||    16
